 Dungeon Crawl Stone Soup version 0.25-a0-178-gc9f82b1288 (webtiles) character file.

Game seed: 12212847434424810426, levelgen mode: deterministic

443 Lanoc the Chiller (level 6, -17/47 HPs)
             Began as a Draconian Ice Elementalist on Nov 26, 2019.
             Was an Initiate of Nemelex Xobeh.
             Demolished by a polar bear (27 damage)
             ... created by the rage of Trog
             ... on level 3 of the Dungeon.
             The game lasted 00:07:46 (2675 turns).

Lanoc the Chiller (Draconian Ice Elementalist)      Turns: 2675, Time: 00:07:47

Health: -17/47     AC:  8    Str: 10    XL:     6   Next: 71%
Magic:  18/18      EV: 13    Int: 21    God:    Nemelex Xobeh [......]
Gold:   151        SH:  0    Dex: 11    Spells: 2/9 levels left

rFire    . . .     SeeInvis .   f - +0 hunting sling
rCold    . . .     Gourm    .   (no shield)
rNeg     . . .     Faith    .   (armour unavailable)
rPois    .         Spirit   .   (helmet restricted)
rElec    .         Reflect  .   a - +1 cloak
rCorr    .         Harm     .   (no gloves)
MR       .....                  (no boots)
Stlth    ++........             (no amulet)
HPRegen  0.15/turn              m - +3 ring of intelligence
MPRegen  0.16/turn              h - ring of magical power

@: about to teleport
A: unfitting armour, cold-blooded, AC +6
a: Draw Escape, Draw Destruction, Draw Summoning, Renounce Religion


You were on level 3 of the Dungeon.
You worshipped Nemelex Xobeh.
Nemelex Xobeh was noncommittal.
You were hungry.

You visited 1 branch of the dungeon, and saw 3 of its levels.

You collected 151 gold pieces.

Inventory:

Hand Weapons
 f - a +0 hunting sling (weapon)
Missiles
 i - 18 sling bullets
 o - 44 stones (quivered)
Armour
 a - a +1 cloak (worn)
Jewellery
 h - a ring of magical power (right hand)
 m - a +3 ring of intelligence (left hand)
Scrolls
 d - a scroll of enchant armour {unknown}
 e - 3 scrolls of identify {unknown}
 g - a scroll of teleportation
Potions
 b - a potion of heal wounds {unknown}
Comestibles
 c - 4 rations


   Skills:
 - Level 1.2 Fighting
 - Level 1.3 Slings
 + Level 3.2 Dodging
 - Level 1.7 Stealth
 - Level 1.2 Unarmed Combat
 - Level 2.0 Spellcasting
 - Level 1.0 Conjurations
 + Level 6.2 Ice Magic
 * Level 1.0 Invocations


You had 2 spell levels left.
You knew the following spells:

 Your Spells              Type           Power        Failure   Level  Hunger
a - Freeze                Ice            ####         1%          1    #......
b - Throw Frost           Conj/Ice       ###...       4%          2    ##.....
c - Summon Ice Beast      Ice/Summ       ###.....     38%         4    #####..

Your spell library contained the following spells:

 Spells                   Type           Power        Failure   Level  Hunger
 Ozocubu's Armour         Chrm/Ice       ###.....     12%         3    ###....
 Throw Icicle             Conj/Ice       ###.....     32%         4    #####..


Dungeon Overview and Level Annotations

Branches:
Dungeon (3/15)

Altars:
Elyvilon
Nemelex Xobeh
Trog


Innate Abilities, Weirdness & Mutations

Your plain brown scales are hard. (AC +6)
You cannot fit into any form of body armour.
You are cold-blooded and may be slowed by cold attacks.


Message History

You now have 6 escape cards, 10 destruction cards and 6 summoning cards.
The polar bear moves out of view.
You draw a card...
You have drawn the Elixir.
You begin rapidly regenerating.
You draw a card...
You have drawn the Elixir.
You begin rapidly regenerating.
The polar bear bites you!
The polar bear claws you but does no damage. x2
The polar bear bites you. The polar bear claws you.
The polar bear claws you but does no damage.
The polar bear bites you!!
* * * LOW HITPOINT WARNING * * *
The polar bear claws you but does no damage.
The polar bear claws you.
* * * LOW HITPOINT WARNING * * *
As you read the scroll of teleportation, it crumbles to dust.
You feel strangely unstable.
You hear an angry growl.
The polar bear bites you!!
Ouch! That really hurt!
You die...
Your body disappears without a glow.

###..# ... #.
#.(..# #.# #.
#.####....#### #.#
##. #.....hh.....#
##.# #.#
######.#.....#
#..# #.#
#h####††###..# #.#
#h# #..)....# ##.
#h# #.####.## #†
#@# #.# #.# ## #.#
#.####.###### #..
.._.........##
#.####.####.###.##
..# #.###...##.##
#.# #. ..........
#.# ###...#....
#.# ##.###... ...#
#.#.


You could see 3 polar bears and 2 black bears.

Vanquished Creatures
  Sigmund (D:2)
  A centaur (D:2)
  Robin (D:2)
  4 gnolls
  7 adders
  2 worms (D:2)
  A dart slug (D:3)
  3 leopard geckos (D:1)
  6 bats
  2 giant cockroaches
  16 goblins
  11 hobgoblins
  3 jackals (D:3)
  2 quokkas (D:2)
  2 ball pythons
  3 frilled lizards
  A kobold (D:1)
  6 rats
72 creatures vanquished.

Vanquished Creatures (others)
  A giant cockroach (D:3)
1 creature vanquished.

Grand Total: 73 creatures vanquished

Notes
Turn   | Place    | Note
-------+----------+-------------------------------------------
     0 | D:1      | Lanoc the Draconian Ice Elementalist began the quest for
                  | the Orb.
     0 | D:1      | Reached XP level 1. HP: 14/14 MP: 3/3
    69 | D:1      | Reached XP level 2. HP: 8/20 MP: 0/5
   232 | D:1      | Learned a level 2 spell: Throw Frost
   523 | D:1      | Reached skill level 4 in Ice Magic
   523 | D:1      | Reached XP level 3. HP: 26/26 MP: 6/6
   776 | D:2      | Noticed Robin
   776 | D:2      | Noticed Sigmund
  1037 | D:2      | Reached XP level 4. HP: 28/33 MP: 5/7
  1655 | D:2      | Killed Sigmund
  1655 | D:2      | Reached skill level 1 in Fighting
  1655 | D:2      | Reached skill level 1 in Unarmed Combat
  1655 | D:2      | Reached skill level 5 in Ice Magic
  1655 | D:2      | Reached XP level 5. HP: 25/40 MP: 2/8
  1655 | D:2      | Reached XP level 6. HP: 29/47 MP: 2/9
  1661 | D:2      | Learned a level 4 spell: Summon Ice Beast
  1699 | D:2      | Reached skill level 1 in Slings
  1699 | D:2      | Reached skill level 6 in Ice Magic
  1751 | D:2      | Killed Robin
  1907 | D:2      | Found a faded altar of an unknown god.
  1909 | D:2      | Became a worshipper of Trog the Wrathful
  1909 | D:2      | Reached * piety under Trog
  1978 | D:2      | Found a sparkling altar of Nemelex Xobeh.
  1987 | D:2      | Fell from the grace of Trog
  1987 | D:2      | Became a worshipper of Nemelex Xobeh the Trickster
  2331 | D:3      | Received a gift from Nemelex Xobeh
  2331 | D:3      | Found a white marble altar of Elyvilon.
  2613 | D:3      | Found a bloodstained altar of Trog.
  2643 | D:3      | Reached skill level 1 in Invocations
  2668 | D:3      | Noticed a polar bear
  2668 | D:3      | Noticed a polar bear
  2668 | D:3      | Noticed a polar bear
  2668 | D:3      | Received a gift from Nemelex Xobeh
  2675 | D:3      | Demolished by a polar bear

Levels and vault maps discovered:
D:1:      shiori_arrival_maze, layout_loops_ring
D:2:      wander_river, layout_basic, nemelex_altar_shiori,
          chequers_ecumenical_altar_twisty, uniq_robin, uniq_sigmund
D:3:      layout_loops_ring, elyvilon_altar_4, overflow_temple_1_default,
          first_ration, lemuel_altar_in_water

Skill      XL: |  1  2  3  4  5  6 |
---------------+-------------------+-----
Dodging        | 2 3 |  3.2
Ice Magic      | 4 5 6 |  6.2
Fighting       | 1 |  1.2
Unarmed Combat | 1 |  1.2
Slings         | 1 |  1.3
Invocations    | 1 |  1.0
Stealth        | |  1.7
Spellcasting   | |  2.0
Conjurations   | |  1.0

Action                   |  1- 3 |  4- 6 || total
-------------------------+-------+-------++-------
Melee: Unarmed           |    61 |     1 ||    62
       Tailslap          |     3 |     1 ||     4
       Mace              |       |    13 ||    13
 Fire: Hunting sling     |       |    94 ||    94
 Cast: Freeze            |    42 |    43 ||    85
       Throw Frost       |     1 |       ||     1
 Abil: Draw Escape       |       |     2 ||     2
  Use: Potion            |     1 |     3 ||     4
       Scroll            |       |     3 ||     3
 Stab: Sleeping          |     4 |       ||     4
  Eat: Chunk             |     1 |     5 ||     6
Armor: Skin              |    33 |    35 ||    68
Dodge: Dodged            |    75 |    65 ||   140

Table legend:
 A = Non-vault XP
 B = Vault XP
 C = Vault XP percentage of total XP
 D = Non-vault monster count
 E = Vault monster count
 F = Vault count percentage of total count
                 A         B        C        D         E       F
            +---------+---------+-------+---------+---------+-------
      Total |     358 |     275 |  43.4 |      58 |      14 |  19.4
            +---------+---------+-------+---------+---------+-------
        D:1 |      70 |       3 |   4.1 |      25 |       2 |   7.4
        D:2 |     216 |     272 |  55.7 |      19 |      12 |  38.7
        D:3 |      72 |       0 |   0.0 |      14 |       0 |   0.0
            +---------+---------+-------+---------+---------+-------
